 Dungeon Crawl Stone Soup version 0.26.0-16-gc1dbca0489 (webtiles) character file.

Game seed: 4993245128065340347

921 trckry the Ducker (level 7, -2/31 HPs)
             Began as a Felid Venom Mage on Jan 20, 2021.
             Was an Elder of Jiyva.
             Slain by a wyvern (13 damage)
             ... on level 1 of the Lair of Beasts.
             The game lasted 00:26:49 (8105 turns).

trckry the Ducker (Felid Venom Mage)                Turns: 8105, Time: 00:26:50

Health: -2/31      AC:  4    Str:  9    XL:     7   Next: 84%
Magic:  9/15       EV: 20    Int: 18    God:    Jiyva [****..]
Gold:   226        SH:  0    Dex: 12    Spells: 6/15 levels left
                                        Lives:  0   Deaths: 2

rFire    . . .     SeeInvis +     - Unarmed
rCold    . . .     Faith    .   (shield unavailable)
rNeg     . . .     Spirit   .   (armour unavailable)
rPois    .         Reflect  .   (helmet unavailable)
rElec    .         Harm     .   (cloak unavailable)
rCorr    +         Rampage  .   (gloves unavailable)
Will     +....                  (boots unavailable)
Stlth    +++.......             (no amulet)
HPRegen  0.10/turn              (no ring)
MPRegen  0.14/turn              (no ring)

@: quick
A: very small, no armour, no weapons or thrown items, stealth, claws 1, fangs 3,
iridescent scales 1, see invisible, speed 1, shaggy fur 2, MP-powered wands,
sharp paws
a: Renounce Religion, Request Jelly, Slimify


You were on level 1 of the Lair of Beasts.
You worshipped Jiyva.
Jiyva was greatly pleased with you.
You visited 3 branches of the dungeon, and saw 10 of its levels.

You collected 226 gold pieces.

Inventory:

Wands
 o - a wand of flame (26)
Scrolls
 a - 5 scrolls of identify {unknown}
 d - a scroll of fog {unknown}
 g - 4 scrolls of teleportation {unknown}
 h - 3 scrolls of fear {unknown}
 i - a scroll of amnesia {unknown}
 k - 4 scrolls of remove curse {unknown}
 l - 3 scrolls of magic mapping {unknown}
Potions
 b - a potion of magic {unknown}
 c - a potion of invisibility
 e - a potion of haste {unknown}
 f - a potion of attraction {unknown}
 j - a potion of flight {unknown}
 m - a potion of might {unknown}
 n - a potion of heal wounds {unknown}


   Skills:
 + Level 3.7 Fighting
 + Level 5.9 Dodging
 + Level 5.1 Stealth
 + Level 3.6 Unarmed Combat
 + Level 4.7 Spellcasting
 + Level 4.1 Conjurations
 - Level 3.0 Transmutations
 - Level 3.0 Fire Magic
 - Level 3.0 Air Magic
 - Level 5.0 Poison Magic


You had 6 spell levels left.
You knew the following spells:

 Your Spells              Type           Power        Failure   Level
a - Sting                 Tmut/Pois      72%          2%          1
b - Poisonous Vapours     Pois/Air       36%          4%          2
c - Mephitic Cloud        Conj/Pois/Air  18%          8%          3
d - Ignite Poison         Fire/Tmut/Pois 17%          9%          3

Your spell library contained the following spells:

 Spells                   Type           Power        Failure   Level
 Olgreb's Toxic Radiance  Pois           22%          17%         4


Dungeon Overview and Level Annotations

Branches:
Dungeon (8/15)             Temple (1/1) D:5            Lair (1/6) D:8

Altars:
Ashenzari
Cheibriados
Dithmenos
Elyvilon
Gozag
Hepliaklqana
Kikubaaqudgha
Makhleb
Nemelex Xobeh
Okawaru
Qazlal
Ru
Sif Muna
Trog
Uskayaw
Vehumet
Wu Jian
Xom
Yredelemnul
Zin
The Shining One
Jiyva

Shops:
D:5 :   D:6 [


Innate Abilities, Weirdness & Mutations

You cannot wear armour.
You are incapable of wielding weapons or throwing items.
Your paws allow you to move quietly. (Stealth)
You have sharp claws.
You have razor-sharp teeth.
You have supernaturally acute eyesight. (SInv)
You cover ground quickly.
You are covered in thick fur. (AC +2)
Your sharp claws are effective at attacking unaware monsters.
You are partially covered in iridescent scales. (AC +2)
You expend magic power (3 MP) to strengthen your wands.


Message History

The wyvern hisses angrily.
The wyvern is engulfed in poison gas.
The wyvern is poisoned.
Casting: Poisonous Vapours (safe; 4% risk of failure)
Confirm with . or Enter, or press ? or * to list all spells.
Aiming: Poisonous Vapours (safe; 4% risk of failure)
Press: ? - help, Dir - move target, f/p - wyvern
Aim: a wyvern (lightly wounded, poisoned) Poisonous vapours surround the wyvern!
The wyvern is engulfed in poison gas.
The wyvern looks even sicker.
Casting: Poisonous Vapours (safe; 4% risk of failure)
Confirm with . or Enter, or press ? or * to list all spells.
Aiming: Poisonous Vapours (safe; 4% risk of failure)
Press: ? - help, Dir - move target, f/p - wyvern
Aim: a wyvern (moderately wounded, very poisoned) Poisonous vapours surround the wyvern!
The wyvern looks even sicker.
The wyvern bites you!
The wyvern looks as sick as possible!
The wyvern bites you!
A komodo dragon comes into view.
The wyvern bites you!
You die...

#..##.....
####.......P
.(.........##
.....$......#
...........####
...............
...........=...
......l@.......
..............l
...............
...............
...............
...............
.....###.......
..... #..P##P


You could see a komodo dragon (wandering) and a wyvern (extremely poisoned).

Vanquished Creatures
  A two-headed ogre (D:8)
  Maggie (D:8)
  Duvessa (D:5)
  A sky beast (D:8)
  3 ogres
  2 gnoll sergeants (D:5)
  4 killer bees (D:8)
  A water moccasin skeleton (D:8)
  2 howler monkeys
  2 hounds
  2 orc priests
  An orc wizard (D:5)
  A centaur skeleton (D:6)
  3 iguanas
  2 worker ants (D:5)
  A hound zombie (D:8)
  10 gnolls
  9 adders
  A white imp (D:6)
  3 worms
  A dart slug (D:2)
  3 leopard geckos
  4 orcs
  A ball python (D:3)
  3 giant cockroaches
  6 hobgoblins
  7 jackals
  2 quokkas
  8 bats
  5 frilled lizards (D:2)
  4 goblins
  A jackal skeleton (D:8)
  8 kobolds
  8 rats
112 creatures vanquished.

Vanquished Creatures (collateral kills)
  A black bear (D:8)
  2 wights (D:7)
  A white imp (D:6)
4 creatures vanquished.

Vanquished Creatures (others)
  A phantom (D:4)
  2 ice beasts
  An ogre (D:4)
  A centaur (D:3)
  A gnoll sergeant (D:5)
  Dowan (D:5)
  2 scorpions
  A wight (D:7)
  A centaur zombie (D:5)
  5 hounds
  30 jellies
  2 gnoll shamans (D:5)
  A centaur skeleton (D:5)
  An iguana (D:4)
  Ijyb (D:5)
  3 worker ants
  2 oozes (D:4)
  4 adders
  14 gnolls
  An adder zombie (D:5)
  3 worms
  A dart slug (D:3)
  6 orcs
  2 giant cockroaches
  A goblin (D:4)
  2 hobgoblins (D:4)
  2 jackals (D:5)
  2 kobolds
  A quokka (D:3)
  A ball python (D:3)
  2 bats (D:3)
  A leopard gecko skeleton (D:4)
  A quokka zombie (D:7)
  2 rats (D:3)
  10 fungi (D:3)
  14 plants
  6 toadstools (D:3)
132 creatures vanquished.

Grand Total: 248 creatures vanquished

Notes
Turn   | Place    | Note
-------+----------+-------------------------------------------
     0 | D:1      | trckry the Felid Venom Mage began the quest for the Orb.
     0 | D:1      | Reached XP level 1. HP: 7/7 MP: 4/4
   246 | D:1      | Reached XP level 2. HP: 11/11 MP: 3/6
   249 | D:1      | Learned a level 2 spell: Poisonous Vapours
  1166 | D:2      | Reached XP level 3. HP: 14/14 MP: 1/7
  1624 | D:2      | Reached skill level 1 in Air Magic
  2079 | D:2      | Found a faded altar of an unknown god.
  2095 | D:2      | Became a worshipper of Jiyva Jeobuv the Shapeless
  2095 | D:2      | Reached * piety under Jiyva
  2131 | D:3      | Reached XP level 4. HP: 18/18 MP: 3/8
  2599 | D:3      | Reached ** piety under Jiyva
  2602 | D:3      | Killed a centaur
  2927 | D:3      | Found a glowing golden altar of the Shining One.
  2949 | D:3      | Found an ancient bone altar of Kikubaaqudgha.
  3171 | D:4      | Reached *** piety under Jiyva
  3233 | D:4      | Reached XP level 5. HP: 21/21 MP: 6/10
  3351 | D:4      | Found a sacrificial altar of Ru.
  3456 | D:4      | Noticed an ogre
  3470 | D:4      | Learned a level 3 spell: Mephitic Cloud
  3474 | D:4      | Learned a level 3 spell: Ignite Poison
  3491 | D:4      | Killed an ogre
  3673 | D:4      | Gained mutation: Your mind is acute. (Int +2) [Jiyva's
                  | grace]
  3674 | D:4      | Noticed a phantom
  3718 | D:4      | Reached **** piety under Jiyva
  3771 | D:4      | Gained mutation: You are covered in thick fur. (AC +2)
                  | [Felid growth]
  3771 | D:4      | Reached XP level 6. HP: 15/24 MP: 3/11
  3849 | D:4      | Gained mutation: You have acidic saliva. [Jiyva's grace]
  4300 | D:5      | Entered Level 5 of the Dungeon
  4300 | D:5      | Noticed Duvessa
  4304 | D:5      | Noticed Dowan
  4316 | D:5      | Killed Duvessa
  4610 | D:5      | Reached skill level 1 in Conjurations
  4610 | D:5      | Reached skill level 1 in Fire Magic
  4651 | D:5      | Killed Dowan
  4654 | D:5      | Killed an ice beast
  4660 | D:5      | Reached ***** piety under Jiyva
  4677 | D:5      | Gained mutation: You have a small jelly attached to you
                  | that may absorb incoming projectiles. [Jiyva's grace]
  4693 | D:5      | Reached skill level 1 in Fighting
  4693 | D:5      | Reached skill level 1 in Unarmed Combat
  4693 | D:5      | Reached XP level 7. HP: 18/28 MP: 1/12
  4860 | D:5      | Killed Ijyb
  4882 | D:5      | Found Urriguoh's Book Shop.
  4900 | D:5      | Lost mutation: You have a small jelly attached to you that
                  | may absorb incoming projectiles. [Jiyva's grace]
  5071 | D:5      | Reached skill level 5 in Poison Magic
  5197 | D:5      | Reached ****** piety under Jiyva
  5197 | D:5      | Gained mutation: You expend magic power (3 MP) to
                  | strengthen your wands. [Jiyva's grace]
  5271 | D:5      | Found a staircase to the Ecumenical Temple.
  5616 | Temple   | Entered the Ecumenical Temple
  5751 | D:6      | Gained mutation: You are clumsy. (Dex -2) [Jiyva's grace]
  5753 | D:6      | Found a hide-covered altar of Uskayaw.
  5810 | D:6      | Reached XP level 8. HP: 20/33 MP: 14/14
  5930 | D:6      | Found Aluicex's Armour Shoppe.
  6434 | D:7      | Found a sparkling altar of Nemelex Xobeh.
  6434 | D:7      | Found a shimmering blue altar of Sif Muna.
  6439 | D:7      | Found a hazy altar of Hepliaklqana.
  6441 | D:7      | Found a faded altar of an unknown god.
  6443 | D:7      | Found an opulent altar of Gozag.
  6847 | D:7      | Noticed a death ooze
  6847 | D:7      | a wight changed into a death ooze
  6855 | D:7      | Noticed a death ooze
  6855 | D:7      | a wight changed into a death ooze
  6996 | D:8      | Noticed a two-headed ogre
  7007 | D:8      | Noticed Joseph
  7035 | D:8      | Killed a two-headed ogre
  7036 | D:8      | Reached skill level 5 in Dodging
  7071 | D:8      | HP: 3/34 [poisoned by a killer bee]
  7073 | D:8      | Lost mutation: Your mind is acute. (Int +2) [potion of
                  | mutation]
  7073 | D:8      | Lost mutation: You have acidic saliva. [potion of mutation]
  7073 | D:8      | Lost mutation: You expend magic power (3 MP) to strengthen
                  | your wands. [potion of mutation]
  7073 | D:8      | Gained mutation: You are frail. (-10% HP) [potion of
                  | mutation]
  7073 | D:8      | Gained mutation: You possess an exceptional clarity of
                  | mind. [potion of mutation]
  7073 | D:8      | Gained mutation: Your body sometimes deteriorates upon
                  | taking damage. [potion of mutation]
  7073 | D:8      | Gained mutation: You are partially covered in iridescent
                  | scales. (AC +2) [potion of mutation]
  7073 | D:8      | Shot with a sling bullet by Joseph
  7074 | D:8      | Reached XP level 7. HP: -8/27 MP: 2/14
  7074 | D:8      | Lost mutation: You are clumsy. (Dex -2) [Jiyva's power]
  7075 | D:8      | Lost mutation: You are frail. (-10% HP) [Jiyva's power]
  7076 | D:8      | Lost mutation: Your body sometimes deteriorates upon taking
                  | damage. [Jiyva's power]
  7141 | D:8      | Reached XP level 8. HP: 27/34 MP: 5/15
  7225 | D:8      | Noticed Maggie
  7259 | D:8      | Killed Maggie
  7283 | D:8      | Slain by a killer bee
  7284 | D:8      | Reached XP level 7. HP: 0/31 MP: 0/14
  7460 | D:8      | Reached skill level 5 in Stealth
  7505 | D:8      | Found a hazy altar of Hepliaklqana.
  7613 | D:8      | Lost mutation: You possess an exceptional clarity of mind.
                  | [Jiyva's grace]
  7614 | D:8      | Found a staircase to the Lair.
  7695 | D:8      | Gained mutation: You expend magic power (3 MP) to
                  | strengthen your wands. [Jiyva's grace]
  7867 | D:8      | Slimified Joseph
  7867 | D:8      | Noticed Joseph
  7867 | D:8      | Joseph changed into Joseph the slime creature
  8101 | Lair:1   | Entered Level 1 of the Lair of Beasts
  8101 | Lair:1   | Noticed a wyvern
  8104 | Lair:1   | Noticed a komodo dragon
  8105 | Lair:1   | Slain by a wyvern

Illustrated notes

Levels and vault maps discovered:
D:1:      minmay_arrival_four_loops, layout_basic, minmay_quantized
D:2:      layout_basic, chequers_ecumenical_altar_simple, minmay_surrounded
D:3:      layout_loops_cross, nicolae_tso_swordbearing_angel,
          kiku_gazebo_pond_becter, minmay_gold_behind_fungi,
          kennysheep_generic_room_4
D:4:      corexii_shack_village, layout_basic, nicolae_ru_sacrificial_ziggurat
D:5:      layout_cave_pools, minmay_temple_entry_overgrown, serial_gnoll_camp,
          gnoll_camp_mini_loothouse, gnoll_camp_medium_01, gnoll_camp_mini_shop,
          gnoll_camp_huts_basic, minmay_holes, uniq_duvessa, uniq_ijyb
D:6:      layout_basic, eat_drink_and_be_merry_uskayaw, serial_shops, shop
D:7:      layout_rooms, chequers_temple_overflow_minitemple, serial_curves,
          eino_curves_04, eino_curves_04
D:8:      layout_loops_ring, lair_entry_dummy, basic_altar, uniq_maggie,
          uniq_joseph
Temple:   zaba_magenta_temple
Lair:1:   layout_small_grid, minmay_lair_oklob_chamber, uniq_fannar, uniq_grum

Skill      XL: |  1  2  3  4  5  6  7  8 |
---------------+-------------------------+-----
Poison Magic   | 3 4 5 |  5.0
Transmutations | 2 3 |  3.0
Air Magic      | 1 2 3 |  3.0
Spellcasting   | 3 4 |  4.7
Conjurations   | 1 2 4 |  4.1
Fire Magic     | 1 2 3 |  3.0
Dodging        | 3 4 5 |  5.9
Fighting       | 1 2 3 |  3.7
Unarmed Combat | 1 2 3 |  3.6
Stealth        | 5 4 |  5.1

Action                   |  1- 3 |  4- 6 |  7- 9 || total
-------------------------+-------+-------+-------++-------
Melee: Unarmed           |    23 |    55 |    58 ||   136
       Bite              |     3 |     5 |     5 ||    13
 Cast: Sting             |    35 |    11 |    22 ||    68
       Poisonous Vapours |    21 |    58 |    83 ||   162
Invok: Cure Bad Mutation |       |       |     3 ||     3
       Slimify           |       |       |     4 ||     4
  Use: Potion            |       |       |     2 ||     2
 Stab: Sleeping          |     5 |       |     2 ||     7
Armor: Skin              |     4 |     4 |     5 ||    13
Dodge: Dodged            |    37 |    76 |   104 ||   217
